 Dungeon Crawl Stone Soup version 0.32-a0-12-g7fc57aa741 (webtiles) character file.

Game seed: 18087037401109167622

4421 cforsyth the Fighter (level 10, 0/116 (119) HPs)
             Began as an Oni Shapeshifter on Jan 14, 2024.
             Slain by a gnoll
             ... wielding a +0 halberd
             ... led by a gnoll sergeant
              (5 damage)
             ... on level 8 of the Dungeon.
             The game lasted 00:16:49 (11008 turns).

cforsyth the Fighter (Oni Shapeshifter)            Turns: 11008, Time: 00:16:50

HP:   0/116 (119)   AC:  4    Str: 24    XL:     10   Next: 36%
MP:   10/10         EV: 13    Int: 11    God:
Gold: 593           SH:  5    Dex:  8    Spells: 9/9 levels left

rFire   . .          .
                       - Unarmed
rCold   . . .        (shield currently unavailable)
rNeg    . . .        a - melded +0 animal skin
rPois   .            (helmet restricted)
rElec   .            J - +2 cloak
rCorr   .            (gloves unavailable)
SInv    .            (boots unavailable)
Will    +....        v - amulet of reflection
Stlth   +            (no ring)
HPRegen 0.39/turn    (no ring)
MPRegen 0.12/turn

%: reflection
@: flux-form, glowing, lightly drained
A: glow, contaminating, large, unfitting armour, horns 1, tough skin 1, double
potion healing, drunken brawling
a: Begin Untransformation


You were on level 8 of the Dungeon.
You were something dangerously unstable.
You visited 2 branches of the dungeon, and saw 9 of its levels.
You also visited: Ossuary.

You collected 593 gold pieces.

Inventory:

Missiles
 L - a throwing net (quivered)
Armour
 a - a +0 animal skin (melded)
 q - a +0 helmet
 J - a +2 cloak (worn)
 K - the +2 pair of gloves of Feasting {-Tele rCorr Str+3 Stlth+}
   (You found it on level 7 of the Dungeon)

   Str+3:     It affects your strength (+3).
   -Tele:     It prevents most forms of teleportation.
   rCorr:     It protects you from acid and corrosion.
   Stlth+:    It makes you more stealthy.
Jewellery
 v - an amulet of reflection (around neck)
 I - a ring of poison resistance
Talismans
 c - a beast talisman
 d - a flux talisman (active)
 p - a maw talisman
Wands
 b - a wand of paralysis (7)
 g - a wand of polymorph (8)
Scrolls
 f - 2 scrolls of revelation
 h - a scroll of blinking {unknown}
 i - 6 scrolls of identify
 o - a scroll of teleportation
 r - a scroll of brand weapon {unknown}
 u - 2 scrolls of enchant weapon
 w - a scroll of poison {unknown}
 y - a scroll of silence {unknown}
 A - a scroll of fear {unknown}
 B - a scroll of summoning {unknown}
 D - 2 scrolls of immolation {unknown}
 E - a scroll of noise {unknown}
 F - a scroll of enchant armour {unknown}
 G - a scroll of fog
Potions
 e - 3 potions of attraction {unknown}
 j - 4 potions of enlightenment {unknown}
 l - 4 potions of heal wounds {unknown}
 m - a potion of degeneration {unknown}
 n - 3 potions of haste {unknown}
 s - 2 potions of resistance
 t - 4 potions of mutation
 x - a potion of ambrosia {unknown}
 z - 2 potions of invisibility
 C - a potion of brilliance {unknown}


   Skills:
 + Level 13.5 Fighting
 - Level 1.7 Dodging
 - Level 2.6 Unarmed Combat
 + Level 10.1 Shapeshifting


You had 9 spell levels left.
You didn't know any spells.
Your spell library contained the following spells:

 Spells                   Type           Power      Damage    Failure   Level
 Sting                    Conj/Alch      0%         1d3       34%         1
 Cigotuvi's Dreadful Rot  Necr/Alch/Air  0%         N/A       47%         2
 Mercury Vapours          Alch/Air       0%         N/A       47%         2
 Ignite Poison            Fire/Alch      0%         N/A       98%         4
 Olgreb's Toxic Radiance  Alch           0%         N/A       98%         4
 Freezing Cloud           Conj/Ice/Air   0%         6-21      100%        5


Dungeon Overview and Level Annotations

Branches:
Dungeon (8/15)             Temple (1/1) D:6         Ossuary (visited)
   Lair: D:8-11

Altars:
Ashenzari
Cheibriados
Dithmenos
Elyvilon
Fedhas
Gozag
Hepliaklqana
Kikubaaqudgha
Makhleb
Nemelex Xobeh
Okawaru
Ru
Sif Muna
Trog
Uskayaw
Vehumet
Wu Jian
Xom
Yredelemnul
Zin
The Shining One


Innate Abilities, Weirdness & Mutations

You are something dangerously unstable.
You glow with magical radiation, making you easy to see and hit.
Foes you strike become dangerously contaminated with magical radiation.
You are incapable of wielding weapons or throwing items.
You are too large for most types of armour.
You have a pair of small horns on your head.
You have tough skin. (AC +1)
You gain doubled healing and magic from potions.
Whenever you drink a healing potion, you attack all around you.


Message History

You are too injured to fight recklessly!
You are too injured to fight recklessly!
You are too injured to fight recklessly!
You are too injured to fight recklessly!
You are too injured to fight recklessly!
The gnoll closely misses you. The gnoll sergeant misses you.
The gnoll sergeant hits you from afar with a +0 trident!
The gnoll closely misses you.
You hit the gnoll.
The gnoll begins to glow.
The gnoll is heavily wounded.
The gnoll sergeant hits you from afar with a +0 trident!
The gnoll closely misses you.
You barely miss the gnoll.
The gnoll is heavily wounded.
The gnoll sergeant hits you from afar with a +0 trident!
* * * LOW HITPOINT WARNING * * *
The gnoll closely misses you.
You hit the gnoll.
The gnoll glows dangerously bright.
You headbutt the gnoll.
You kill the gnoll!
The gnoll sergeant hits you from afar with a +0 trident!
* * * LOW HITPOINT WARNING * * *
You hit the gnoll.
The gnoll begins to glow.
The gnoll is moderately wounded.
The gnoll sergeant barely misses you. The gnoll barely misses you.
You barely miss the gnoll.
You headbutt the gnoll, but do no damage.
The gnoll is moderately wounded.
The gnoll sergeant completely misses you.
You block the gnoll's attack.
You hit the gnoll.
The gnoll glows dangerously bright.
You headbutt the gnoll.
You kill the gnoll!
The gnoll sergeant hits you from afar with a +0 trident.
* * * LOW HITPOINT WARNING * * *
You hit the gnoll.
The gnoll begins to glow.
You headbutt the gnoll.
The gnoll is heavily wounded.
The gnoll sergeant hits you from afar with a +0 trident!
* * * LOW HITPOINT WARNING * * *
The gnoll barely misses you.
The gnoll hits you from afar with a +0 halberd.
You die...

#....g4g#....#..... ####
#.......#.......#
##....<#.##.#....#
#................##
'....##..##.......#
#....##..####.##..###
#....##..##.#.##gg..#
####..........##g##.#
#########
#####..#....#p##.###........
#..#.##.#.##...#........
#.....#.#...............
##.####.#####.##.#######
#......# #...##..## #
######## #.#####..##### #
#.....#......# #
#####.#.#.##.# # #.#....#.#
#


You could see a gnoll sergeant and 2 gnolls.

Vanquished Creatures
  Amaemon (D:7)
  Maurice (D:7)
  A wyvern (D:7)
  An acid dragon (D:7)
  3 ice beasts
  2 orc warriors
  2 black bears
  2 centaurs (D:7)
  A kobold brigand (D:7)
  A phantom (D:4)
  3 bullfrogs
  3 scorpions
  4 water moccasin zombies (Ossuary)
  2 burial acolytes
  8 wights
  A spectral scorpion (Ossuary)
  3 bombardier beetles
  2 jellies (Temple)
  3 orc priests
  2 gnoll boudas
  7 hounds
  2 sleepcaps (D:7)
  3 iguanas
  6 orc wizards
  A crocodile zombie (Ossuary)
  2 mummies (Ossuary)
  10 gnolls
  8 adders
  3 shadow imps
  2 ufetubi
  6 adder zombies
  A dart slug (D:1)
  A ribbon worm (D:4)
  26 orcs
  5 endoplasms
  4 giant cockroaches
  7 gnoll zombies (Ossuary)
  8 goblins
  8 hobgoblins
  7 jackals
  4 quokkas
  7 ball pythons
  3 bats
  5 frilled lizards
  4 jackal zombies
  14 kobolds
  2 orc zombies (Ossuary)
  8 rats
210 creatures vanquished.

Notes
Turn   | Place    | Note
-------+----------+-------------------------------------------
     0 | D:1      | cforsyth the Oni Shapeshifter began the quest for the Orb.
     0 | D:1      | Reached XP level 1. HP: 19/19 MP: 1/1
    98 | D:1      | Reached skill level 2 in Fighting
   110 | D:1      | Reached XP level 2. HP: 27/28 MP: 2/2
   606 | D:1      | Reached XP level 3. HP: 36/36 MP: 3/3
   653 | D:2      | Reached skill level 3 in Fighting
   757 | D:2      | Found a snail-covered altar of Cheibriados.
   781 | D:2      | Reached XP level 4. HP: 6/45 MP: 4/4
   785 | D:2      | HP: 1/45 [hobgoblin (4)]
  1384 | D:3      | Reached skill level 4 in Fighting
  1439 | D:3      | Found a burning altar of Makhleb.
  1439 | D:3      | Noticed an Executioner
  1497 | D:3      | Reached XP level 5. HP: 45/55 MP: 5/5
  2278 | D:4      | Reached skill level 5 in Fighting
  2278 | D:4      | Noticed an orc warrior
  2283 | D:4      | Found a sand-covered staircase.
  2296 | Ossuary  | Entered an ossuary
  2313 | Ossuary  | Reached XP level 6. HP: 58/66 MP: 6/6
  2379 | Ossuary  | Reached skill level 5 in Shapeshifting
  2486 | Ossuary  | Reached skill level 6 in Fighting
  2557 | Ossuary  | Reached XP level 7. HP: 48/76 MP: 7/7
  2710 | Ossuary  | Reached skill level 7 in Fighting
  3654 | D:4      | Reached skill level 8 in Fighting
  4005 | D:3      | Reached XP level 8. HP: 20/88 MP: 8/8
  4924 | D:5      | Entered Level 5 of the Dungeon
  5057 | D:5      | Reached skill level 9 in Fighting
  5598 | D:5      | Found a sacrificial altar of Ru.
  5740 | D:5      | Found a broken altar of Ashenzari.
  6225 | D:5      | Found a snail-covered altar of Cheibriados.
  6459 | D:6      | Reached skill level 10 in Fighting
  6459 | D:6      | Found a staircase to the Ecumenical Temple.
  6484 | Temple   | Entered the Ecumenical Temple
  6499 | Temple   | Reached XP level 9. HP: 25/101 MP: 9/9
  7320 | D:6      | Reached skill level 11 in Fighting
  7853 | D:6      | Found a bloodstained altar of Trog.
  7857 | D:6      | Found a shimmering blue altar of Sif Muna.
  8060 | D:6      | Found a glowing golden altar of the Shining One.
  8158 | D:7      | Noticed Maurice
  8187 | D:7      | Something stole a maw talisman
  8188 | D:7      | Something stole a ring of poison resistance
  8194 | D:7      | Paralysed by something for 4 turns
  8202 | D:7      | Paralysed by something for 5 turns
  8207 | D:7      | Something stole 209 gold
  8223 | D:7      | Paralysed by Maurice for 3 turns
  8238 | D:7      | Killed Maurice
  8553 | D:7      | Reached skill level 12 in Fighting
  8961 | D:7      | Identified the +2 pair of gloves of Feasting {-Tele rCorr
                  | Str+3 Stlth+}
  8991 | D:7      | Reached XP level 10. HP: 25/117 MP: 10/10
  9839 | D:8      | Noticed an orange demon
  9840 | D:8      | Noticed Amaemon
 10127 | D:8      | Paralysed by Amaemon for 4 turns
 10144 | D:7      | HP: 5/118 [poisoned by Amaemon]
 10438 | D:7      | Paralysed by Amaemon for 4 turns
 10451 | D:7      | Killed Amaemon
 10452 | D:7      | Reached skill level 13 in Fighting
 10452 | D:7      | Reached skill level 10 in Shapeshifting
 10617 | D:8      | Found an ancient bone altar of Kikubaaqudgha.
 11008 | D:8      | HP: 5/116 [gnoll sergeant/+0 trident (13)]
 11008 | D:8      | Slain by a gnoll

Illustrated notes

Levels and vault maps discovered:
D:1:      doesnt_arrival_eight_statues, layout_basic
D:2:      layout_rooms, basic_altar, minmay_tetromino_o4
D:3:      minmay_diamond_boxcup, layout_rooms, makhleb_altar_promises_db,
          eino_tiny_chamber
D:4:      layout_basic, enter_ossuary_1, chequers_serial_rivers_micro_d
D:5:      layout_rooms, overflow_temple_1_default, nicolae_ashenzari_panopticon,
          lemuel_doored_altar, st_stairs_14
D:6:      layout_basic, hellmonk_overflow_destroyed_library,
          nicolae_overflow_hidden_temple, minmay_temple_entry_wispy,
          nicolae_houndstooth_variations
D:7:      wad_crossroads, layout_loops_ring, uniq_maurice
D:8:      layout_basic, mainiacjoe_overflow_tiny_flanked,
          lemuel_zombie_altar_kikubaaqudgha, uniq_amaemon
Temple:   oiseaux_autumnal_temple

Skill      XL: |  1  2  3  4  5  6  7  8  9 10 |
---------------+-------------------------------+-----
Fighting       | 2 3 4 5 6 8 10 12 13 | 13.5
Shapeshifting  | 4 5 6 7 9 10 | 10.1
Dodging        | |  1.7
Unarmed Combat | |  2.6

Action                     |  1- 3 |  4- 6 |  7- 9 | 10-12 || total
---------------------------+-------+-------+-------+-------++-------
  Melee: Unarmed           |    78 |   182 |   465 |   130 ||   855
         Headbutt          |     6 |    27 |   100 |    43 ||   176
         Punch             |       |     3 |     8 |       ||    11
  Evoke: Wand              |       |       |       |     1 ||     1
    Use: Potion            |       |     1 |     6 |     6 ||    13
         Scroll            |       |     2 |       |     5 ||     7
   Stab: Paralysed         |       |       |       |     9 ||     9
 Armour: Animal skin       |    50 |   110 |   301 |       ||   461
         Skin              |       |       |   105 |   103 ||   208
  Dodge: Dodged            |    36 |    83 |   215 |    89 ||   423
  Block: Other             |       |    23 |   129 |    29 ||   181
         Reflection        |       |       |     8 |       ||     8
   Form: Flux              |       |       |     1 |       ||     1

Table legend: (Time is in decaauts)
 A = Elapsed time spent in this place.
 B = Non-inter-level travel time spent in this place.
 C = Inter-level travel time spent in this place.
 D = Time resting spent in this place.
 E = Time spent auto-exploring this place.
 F = Levels seen in this place.
 G = Mean time per level.
                   A        B        C        D        E       F      G
               +--------+--------+--------+--------+--------+-----+--------+
         Total |  10984 |  10794 |    190 |   2441 |   6180 |  10 | 1098.4 |
       Dungeon |   9762 |   9590 |    172 |   1777 |   5929 |   8 | 1220.2 |
        Temple |    615 |    597 |     18 |    499 |      0 |   1 |  615.0 |
       Ossuary |    605 |    605 |      0 |    165 |    251 |   1 |  605.0 |
               +--------+--------+--------+--------+--------+-----+--------+

Top non-repeatable levels by time:
     D:7: 2110 daAuts
     D:4: 1776 daAuts
     D:3: 1649 daAuts
     D:6: 1303 daAuts
     D:5: 1106 daAuts
     D:1: 645 daAuts
     D:2: 638 daAuts
  Temple: 615 daAuts
 Ossuary: 605 daAuts
     D:8: 532 daAuts
